 Dungeon Crawl Stone Soup version 0.27-a0-1280-g9d2d252d84 (webtiles) character file.

Game seed: 7613619063625142559

119270 Conn the Thaumaturge (level 16, -2/93 HPs)
             Began as an Octopode Fire Elementalist on June 13, 2021.
             Was a High Priest of Sif Muna.
             Slain by a sea snake (14 damage)
             ... on level 2 of the Shoals.
             The game lasted 03:00:02 (43989 turns).

Conn the Thaumaturge (Octopode Fire Elementalist)  Turns: 43989, Time: 03:00:02

Health: -2/93      AC:  5    Str: 21    XL:     16   Next: 79%
Magic:  5/33       EV: 19    Int: 32    God:    Sif Muna [*****.]
Gold:   506        SH: 13    Dex: 16    Spells: 4/42 levels left

rFire    + + .     SeeInvis +   v - staff of cold
rCold    + . .     Faith    .   J - +2 buckler
rNeg     . . .     Spirit   .   z - +2 hat {Int+3}
rPois    +         Reflect  +   B - amulet of reflection
rElec    .         Harm     .   l - ring of see invisible
rCorr    +         Rampage  .   f - +6 ring of strength
Will     +....                  A - +4 ring of evasion
Stlth    ++++......             H - ring "Eckerr" {Drain rF+ rCorr Int+6 Dex+3}
HPRegen  0.25/turn              T - ring of protection from cold
MPRegen  0.23/turn              Q - ring of poison resistance
                                P - ring "Gikku" {Fire Str+7}
                                (no ring)

@: lethally poisoned (-2 -> -44), channeling
A: almost no armour, amphibious, 8 rings, camouflage 1, gelatinous body 1,
(nimble swimmer 1), tentacles, iridescent scales 1
a: Renounce Religion, Channel Magic, Forget Spell, Divine Exegesis


You were on level 2 of the Shoals.
You worshipped Sif Muna.
Sif Muna was extremely pleased with you.
You visited 6 branches of the dungeon, and saw 27 of its levels.
You also visited: Bailey and Gauntlet.

You collected 2573 gold pieces.
You spent 2067 gold pieces at shops.

Inventory:

Hand Weapons
 a - a +5 vorpal dagger
 M - the +5 halberd of Generosity {venom, rC+ SInv}
   (You bought it in a shop on level 2 of the Orcish Mines)

   It poisons the flesh of those it strikes.
   It protects you from cold.
   It lets you see invisible.
Missiles
 s - 12 throwing nets
 W - 5 curare-tipped darts (quivered)
Armour
 z - a +2 hat of intelligence (worn)
 J - a +2 buckler (worn)
 U - a +2 tower shield of fire resistance
Magical Staves
 b - a staff of fire
 j - a staff of poison
 v - a staff of cold (weapon)
Jewellery
 f - a +6 ring of strength (right tentacle)
 l - a ring of see invisible (left tentacle)
 w - an amulet of regeneration
 y - a ring of fire
 A - a +4 ring of evasion (on tentacle)
 B - an amulet of reflection (around mantle)
 G - an amulet of the acrobat
 H - the ring "Eckerr" (on tentacle) {Drain rF+ rCorr Int+6 Dex+3}
   (You acquired it on level 10 of the Dungeon)

   [ring of intelligence]

   It affects your intelligence (+6).
   It affects your dexterity (+3).
   It protects you from fire.
   It protects you from acid and corrosion.
   It drains your maximum health when unequipped.
 P - the ring "Gikku" (on tentacle) {Fire Str+7}
   (You found it on level 14 of the Dungeon)

   [ring of fire]

   It enhances your fire magic.
   It affects your strength (+7).
   It protects you from fire.
   It makes you vulnerable to cold.
 Q - a ring of poison resistance (on tentacle)
 T - a ring of protection from cold (on tentacle)
Wands
 c - a wand of iceblast (19)
 i - a wand of acid (12)
 q - a wand of paralysis (28)
 r - a wand of flame (144)
 L - a wand of digging (7)
 X - a wand of charming (8)
Scrolls
 g - a scroll of magic mapping
 h - 12 scrolls of identify
 o - 2 scrolls of immolation
 p - 9 scrolls of teleportation
 I - a scroll of fog
 O - 2 scrolls of fear
 S - a scroll of blinking
Potions
 d - 3 potions of attraction
 e - 2 potions of cancellation
 k - 2 potions of invisibility
 m - a potion of magic
 n - 2 potions of berserk rage
 t - 3 potions of flight
 u - a potion of heal wounds
 x - 3 potions of might
 C - a potion of brilliance
 F - 2 potions of lignification
 K - 3 potions of curing
Miscellaneous
 D - a lightning rod (1/4)
 Y - a phantom mirror


   Skills:
 + Level 3.2 Fighting
 + Level 0.3 Short Blades
 + Level 4.4 Staves
 + Level 5.2 Dodging
 + Level 6.5 Stealth
 + Level 7.3 Shields
 + Level 13.6 Spellcasting
 + Level 13.3 Conjurations
 - Level 3.0 Hexes
 + Level 5.3 Summonings
 + Level 5.7 Translocations
 + Level 13.4 Fire Magic
 * Level 4.6 Ice Magic
 * Level 5.5 Air Magic
 + Level 4.3 Earth Magic
 + Level 0.7 Poison Magic
 + Level 6.6 Invocations
 + Level 2.6 Evocations


You had 4 spell levels left.
You knew the following spells:

 Your Spells              Type           Power      Damage    Failure   Level
a - Foxfire               Conj/Fire      100%       2x1d9     0%          1
b - Airstrike             Air            27%        N/A       1%          4
c - Sticky Flame          Conj/Fire      100%       2d11      1%          4
d - Freezing Cloud        Conj/Ice/Air   41%        6-21      2%          5
e - Fireball              Conj/Fire      51%        3d20      1%          5
g - Iskenderun's Mystic   Conj/Tloc      70%        2d14      1%          4
h - Summon Guardian Gole  Hex/Summ       48%        N/A       1%          3
i - Apportation           Tloc           100%       N/A       1%          1
j - Bolt of Magma         Conj/Fire/Erth 46%        4d19      1%          5
k - Mephitic Cloud        Conj/Pois/Air  59%        N/A       1%          3
l - Ignite Poison         Fire/Tmut/Pois 67%        N/A       1%          3

Your spell library contained the following spells:

 Spells                   Type           Power      Damage    Failure   Level
 Magic Dart               Conj           100%       1d8       0%          1
 Searing Ray              Conj           100%       3d7       0%          2
 Corona                   Hex            45%        N/A       1%          1
 Shock                    Conj/Air       100%       1d9       1%          1
 Sting                    Tmut/Pois      96%        1d7       1%          1
 Summon Small Mammal      Summ           100%       N/A       1%          1
 Call Imp                 Summ           54%        N/A       1%          2
 Ensorcelled Hibernation  Hex/Ice        100%       N/A       1%          2
 Poisonous Vapours        Pois/Air       84%        N/A       1%          2
 Static Discharge         Conj/Air       70%        N/A       1%          2
 Call Canine Familiar     Summ           54%        N/A       1%          3
 Confusing Touch          Hex            41%        N/A       1%          3
 Conjure Flame            Conj/Fire      100%       6-21      1%          3
 Dazzling Flash           Conj/Hex       100%       N/A       1%          3
 Inner Flame              Hex/Fire       84%        N/A       1%          3
 Lesser Beckoning         Tloc           27%        N/A       1%          3
 Swiftness                Air            55%        N/A       1%          3
 Teleport Other           Tloc           55%        N/A       1%          3
 Tukima's Dance           Hex            41%        N/A       1%          3
 Fulminant Prism          Conj/Hex       32%        3d16      1%          4
 Passage of Golubria      Tloc           N/A        N/A       1%          4
 Animate Skeleton         Necr           42%        N/A       2%          1
 Summon Ice Beast         Ice/Summ       69%        N/A       2%          4
 Summon Lightning Spire   Summ/Air       54%        N/A       2%          4
 Spider Form              Tmut/Pois      12%        N/A       5%          3
 Cause Fear               Hex            20%        N/A       6%          4
 Iskenderun's Battlesphe  Conj           82%        2d13      1%          5
 Lightning Bolt           Conj/Air       35%        1d53      1%          5
 Starburst                Conj/Fire      51%        8x6d14    1%          6
 Irradiate                Conj/Tmut      29%        3d23      3%          5
 Manifold Assault         Tloc           55%        N/A       5%          5
 Summon Forest            Summ/Tloc      27%        N/A       6%          5
 Conjure Ball Lightning   Conj/Air       35%        3x3d11    7%          6
 Lee's Rapid Deconstruct  Erth           24%        3d14*     10%         5
 Silence                  Hex/Air        24%        N/A       10%         5
 Borgnjor's Vile Clutch   Necr/Erth      17%        N/A       24%         5
 Dispersal                Tloc           27%        N/A       30%         6
 Yara's Violent Unravell  Hex/Tmut       15%        3d8       32%         5
 Shadow Creatures         Summ           N/A        N/A       34%         6
 Spellforged Servitor     Conj/Summ      34%        N/A       36%         7
 Alistair's Intoxication  Tmut/Pois      16%        N/A       45%         5
 Invisibility             Hex            20%        N/A       67%         6
 Malign Gateway           Summ/Tloc      27%        N/A       88%         7
 Animate Armour           Summ/Erth      Unusable   N/A       N/A         4

Dungeon Overview and Level Annotations

Branches:
Dungeon (15/15)            Temple (1/1) D:5            Lair (6/6) D:11
 Shoals (2/4) Lair:3       Spider (1/4) Lair:2        Slime (0/5) Lair:6
    Orc (2/2) D:10            Elf (0/3) Orc:2        Vaults (0/5) D:14
 Depths (0/5) D:15         Bailey (visited)         Gauntlet (visited)

Altars:
Ashenzari
Elyvilon
Fedhas
Gozag
Kikubaaqudgha
Makhleb
Nemelex Xobeh
Qazlal
Ru
Sif Muna
Trog
Uskayaw
Vehumet
Wu Jian
Xom
Yredelemnul
Zin
The Shining One
Beogh

Shops:
D:9 (   D:10 *   Orc:1 :   Orc:2 [(=!

Annotations:
D:8 3 runed translucent doors, Johnny's ghost, novice DEEE
D:9 exclusion: obsidian statue
D:13 1 runed translucent door, Johnny's ghost, journeyman DEEE
Shoals:2 Roxanne


Innate Abilities, Weirdness & Mutations

You cannot wear most types of armour.
You are amphibious.
You can wear up to eight rings at the same time.
Your skin changes colour to match your surroundings (Stealth+).
Your rubbery body absorbs attacks. (AC +1, EV +1)
((You are camouflaged near water. (Stealth+)))
You have tentacles for arms and can constrict up to eight enemies at once.
You are partially covered in iridescent scales. (AC +2)


Message History

Press: ? - help, Shift-Dir - straight line, f - sea snake, p - sea snake
Aim: a sea snake (100% to hit)
You feel a surge of power!
The sticky flame hits the sea snake!
The sea snake is lightly wounded.
The sea snake is covered in liquid flames!
The sea snake burns!
The sea snake misses you.
You barely miss the sea snake. Your grab misses the sea snake.
You squeeze the sea snake.
The sea snake is lightly wounded.
The sea snake burns!
You block the sea snake's attack. The sea snake bites you!
You are lethally poisoned!
The sea snake poisons you!
Unknown command.
You feel extremely sick.
The sea snake burns!
Unknown command.
You feel better.
The flames covering the sea snake go out.
The sea snake stops burning.
You block the sea snake's attack. The sea snake bites you!
* * * LOW HITPOINT WARNING * * *
You are lethally poisoned!
The sea snake poisons you!
Unknown command.
Casting: Sticky Flame (safe; 1% risk of failure)
Confirm with . or Enter, or press ? or * to list all spells.
Okay, then.
Unknown command.
Unknown command.
Aiming: Thunderbolt
Press: ? - help, Shift-Dir - straight line, f/p - sea snake
Aim: a sea snake (moderately wounded)
Okay, then.
Okay, then.
Unknown command.
Unknown command.
* * * LOW HITPOINT WARNING * * *
You feel extremely sick. You block the sea snake's attack.
The sea snake bites you!
You die...

..≈≈≈≈≈≈≈≈....≈≈≈≈≈≈≈≈≈
..≈≈≈≈≈≈≈.....≈≈≈≈≈≈≈≈≈
..≈≈≈≈≈≈......≈≈≈≈≈.≈≈≈
..≈≈≈≈≈≈P......≈≈≈...
...≈≈≈≈........≈≈....
8..≈P≈...###.......#
...≈≈P.P.# #.......#
P..≈P.P..###....)..###.≈
.P≈≈≈PP.≈S@..≈≈...≈....≈
P≈≈P≈≈...S..≈≈....≈≈≈...
≈≈≈≈≈≈≈≈)....)≈≈...≈≈≈≈≈≈
≈≈≈≈≈≈≈...÷)≈...†..≈≈≈≈≈≈≈
≈≈P≈≈≈≈≈≈..)≈.....≈≈≈≈≈≈≈≈≈
≈≈≈≈≈≈≈≈≈≈≈≈≈≈..###....≈≈≈≈≈≈
≈≈≈≈≈PP≈≈≈≈≈≈≈)## #....≈≈≈≈≈≈
≈≈≈≈≈≈)≈≈≈≈≈≈≈≈.##
#.<..≈≈≈≈≈≈
≈≈≈≈P≈≈≈≈≈≈≈.≈≈..# ###..≈≈≈≈≈


You could see 2 sea snakes.

Vanquished Creatures
  Gastronok (D:8)
  Kirke (Lair:6)
  2 frost giants
  The ghost of Neilug the Brawler, a journeyman VSBe of Trog (D:14)
  A minotaur (Gauntlet)
  Harold (D:7)
  Erolcha (Orc:2)
  A vault guard (D:14)
  6 hydras
  An ogre mage (Orc:2)
  3 boulder beetles
  An ice dragon (D:14)
  A death knight (D:15)
  5 two-headed ogres
  An alligator snapping turtle (Shoals:1)
  A centaur warrior (D:13)
  7 death yaks
  A merfolk aquamancer (Shoals:1)
  A satyr (Shoals:2)
  An orc high priest (Orc:1)
  2 tengu warriors (D:15)
  Nergalle (Orc:2)
  Sonja (Lair:3)
  A deep elf knight (D:14)
  2 glowing orange brains (Gauntlet)
  2 skeletal warriors
  6 sea snakes
  A kraken simulacrum (Shoals:1)
  Pikel (D:9)
  A deep elf archer (D:14)
  A wizard (D:14)
  7 fauns
  8 harpies
  An orb spider (Spider:1)
  4 deep elf pyromancers
  An orc knight (D:14)
  2 oklob plants
  14 ugly things
  8 orc sorcerers
  A wolf spider (Lair:2)
  7 cyclopes
  8 manticores
  13 elephants
  2 water nymphs (Shoals:2)
  2 merfolk sirens (Shoals:2)
  Maurice (D:8)
  5 black mambas
  2 gargoyles (D:11)
  2 unseen horrors
  11 cane toads
  6 rime drakes
  10 komodo dragons
  A kobold demonologist (D:12)
  2 efreet
  A tengu conjurer (D:15)
  2 ice devils (D:14)
  4 merfolk
  2 wind drakes
  A troll (Orc:2)
  2 jumping spiders (Spider:1)
  5 polar bears
  6 hornets
  6 slime creatures (D:12)
  A wolf spider simulacrum (D:14)
  10 blink frogs
  3 snapping turtles
  A tarantella (Spider:1)
  13 spriggans (Lair:6)
  4 redbacks
  6 water elementals
  3 alligator snapping turtle simulacra (Shoals:1)
  5 centaur simulacra
  2 vampires
  32 yaks
  3 wraiths (D:15)
  A wyvern (Lair:1)
  4 basilisks
  3 steam dragons
  3 hogs (Lair:6)
  2 sea snake simulacra (Shoals:1)
  8 vampire mosquitoes
  Menkaure (D:6)
  4 death yak simulacra (Shoals:1)
  A redback simulacrum (D:14)
  2 harpy simulacra (Shoals:1)
  3 swamp worms (Gauntlet)
  2 wargs
  3 acid dragons
  6 small abominations (Gauntlet)
  13 water moccasins
  3 sky beasts
  4 ice beasts
  3 satyr simulacra (Shoals:1)
  10 orc warriors
  5 black bears
  A tengu (shapeshifter) (D:14)
  A necrophage (D:7)
  40 wolves
  7 ogres
  9 boggarts
  7 centaurs
  2 phantoms
  2 lemures (D:9)
  2 kobold brigands
  11 bullfrogs
  2 scorpions
  2 merfolk simulacra (Shoals:1)
  10 gnoll sergeants
  A water moccasin skeleton (D:4)
  10 killer bees
  2 snapping turtle simulacra (Shoals:1)
  2 manticore simulacra (Shoals:1)
  6 wights
  5 howler monkeys
  An electric eel (Lair:3)
  5 crimson imps (D:10)
  A bullfrog zombie (D:5)
  4 centaur zombies
  3 hounds
  6 gnoll shamans (Bailey)
  A jelly (D:6)
  2 bullfrog skeletons
  8 orc priests
  A centaur skeleton (D:7)
  A cyclops simulacrum (Shoals:1)
  Ijyb (D:3)
  4 iguanas
  28 orc wizards
  6 hell rats (Lair:4)
  A human simulacrum (D:12)
  A howler monkey skeleton (D:7)
  6 adders
  38 gnolls
  A shadow imp (D:8)
  7 white imps
  An ufetubus (D:6)
  An adder skeleton (D:5)
  4 worms
  3 dart slugs
  57 orcs
  4 ball pythons
  2 bats
  5 endoplasms
  A giant cockroach (D:3)
  12 goblins
  10 hobgoblins
  4 jackals
  3 quokkas
  6 frilled lizards
  16 kobolds
  9 rats
  8 bushes (Lair:4)
  A butterfly (Lair:5)
763 creatures vanquished.

Vanquished Creatures (collateral kills)
  10 foxfires
10 creatures vanquished.

Vanquished Creatures (others)
  A frost giant (Shoals:1)
  A death yak (Lair:6)
  A large abomination (Gauntlet)
  A gnoll shaman (D:7)
  An orc wizard (Orc:2)
  A human simulacrum (D:12)
  A demonic plant (Gauntlet)
  1618 foxfires
  4 fulminant prisms
  55 fungi
  169 plants
  4 tentacles (Shoals:1)
1857 creatures vanquished.

Grand Total: 2630 creatures vanquished

Notes
Turn   | Place    | Note
-------+----------+-------------------------------------------
     0 | D:1      | Conn the Octopode Fire Elementalist began the quest for the
                  | Orb.
     0 | D:1      | Reached XP level 1. HP: 11/11 MP: 3/3
    70 | D:1      | Reached XP level 2. HP: 3/17 MP: 0/5
   823 | D:1      | Reached XP level 3. HP: 21/21 MP: 3/6
   827 | D:1      | Learned a level 3 spell: Conjure Flame
  2055 | D:3      | Reached XP level 4. HP: 27/27 MP: 5/7
  2538 | D:3      | Found a blossoming altar of Fedhas.
  2682 | D:3      | Noticed Ijyb
  3024 | D:4      | Reached XP level 5. HP: 31/31 MP: 0/9
  3660 | D:3      | Killed Ijyb
  4087 | D:3      | Reached XP level 6. HP: 36/36 MP: 8/11
  4698 | D:4      | Reached XP level 7. HP: 13/41 MP: 9/13
  5220 | D:5      | Entered Level 5 of the Dungeon
  5301 | D:5      | Reached skill level 5 in Fire Magic
  5607 | D:5      | Found a hide-covered altar of Uskayaw.
  5908 | D:5      | Found an ornate altar of the Wu Jian Council.
  6371 | D:5      | Found a sacrificial altar of Ru.
  6422 | D:5      | Found a white marble altar of Elyvilon.
  6569 | D:5      | Found a staircase to the Ecumenical Temple.
  6575 | Temple   | Entered the Ecumenical Temple
  6647 | Temple   | Became a worshipper of Sif Muna the Loreminder
  6850 | D:6      | Reached XP level 8. HP: 47/47 MP: 10/15
  6853 | D:6      | Reached skill level 5 in Spellcasting
  7485 | D:6      | Learned a level 4 spell: Sticky Flame
  7599 | D:6      | Reached skill level 5 in Conjurations
  7691 | D:6      | Noticed Menkaure
  7794 | D:6      | Killed Menkaure
  7795 | D:6      | Reached skill level 5 in Stealth
  7916 | D:6      | Reached skill level 1 in Fighting
  7916 | D:6      | Reached XP level 9. HP: 53/53 MP: 14/18
  7959 | D:6      | Found a shimmering altar of Xom.
  8261 | D:3      | Reached * piety under Sif Muna
  8401 | D:6      | HP: 1/53 [killer bee (9)]
  8405 | D:6      | Reached skill level 1 in Invocations
  8534 | D:7      | Noticed Harold
  9163 | D:6      | Learned a level 3 spell: Inner Flame
  9169 | D:6      | Learned a level 5 spell: Fireball
  9780 | D:7      | Killed Harold
  9781 | D:7      | Reached XP level 10. HP: 56/60 MP: 1/21
 10114 | D:7      | Reached ** piety under Sif Muna
 10386 | D:7      | Found a basalt altar of Yredelemnul.
 10503 | D:8      | Noticed Maurice
 10538 | D:8      | Noticed a two-headed ogre
 10549 | D:8      | Killed Maurice
 10734 | D:8      | Killed a two-headed ogre
 10735 | D:8      | Reached skill level 1 in Hexes
 10735 | D:8      | Reached skill level 1 in Evocations
 10870 | D:8      | Learned a level 2 spell: Searing Ray
 10875 | D:8      | Learned a level 4 spell: Iskenderun's Mystic Blast
 11065 | D:8      | Noticed Gastronok
 11295 | D:8      | Killed Gastronok
 11296 | D:8      | Reached skill level 1 in Translocations
 11296 | D:8      | Reached XP level 11. HP: 55/64 MP: 3/23
 11668 | D:8      | Found a runed translucent gate.
 11669 | D:8      | Found a runed translucent gate.
 11669 | D:8      | Found a runed translucent gate.
 11670 | D:8      | Found an opulent altar of Gozag.
 11671 | D:8      | Noticed Johnny's ghost (novice DEEE)
 11673 | D:8      | Noticed a six-headed hydra
 11826 | D:8      | Identified the +2 pair of gloves "Juufam" {+Blink Regen+
                  | MP-9 SInv}
 11959 | D:9      | Found a flagged portal.
 11993 | D:9      | Learned a level 4 spell: Fulminant Prism
 11994 | Bailey   | Entered a bailey
 11998 | Bailey   | Reached skill level 1 in Staves
 12828 | Bailey   | Reached *** piety under Sif Muna
 13774 | D:9      | Found a sparkling altar of Nemelex Xobeh.
 13933 | D:9      | Noticed an obsidian statue
 14066 | D:9      | Learned a level 1 spell: Apportation
 14096 | D:9      | Noticed Pikel
 14097 | D:9      | Found a broken altar of Ashenzari.
 14112 | D:9      | Killed Pikel
 14455 | D:9      | Found Xyzam's Hydra Hut.
 14455 | D:9      | Noticed an eight-headed hydra
 14803 | D:10     | Entered Level 10 of the Dungeon
 14826 | D:10     | Found Fepnits's Changing Room.
 14948 | D:10     | Bought a potion of lignification for 48 gold pieces
 15180 | D:10     | Found a stormy altar of Qazlal.
 15435 | D:10     | Identified a scroll of acquirement
 15435 | D:10     | Acquired the ring "Eckerr" {Drain rF+ rCorr Int+6 Dex+3}
 15522 | D:10     | Found a staircase to the Orcish Mines.
 15567 | D:10     | Found a radiant altar of Vehumet.
 15601 | D:10     | Identified the +1 robe of the Original Sin {Int+2 Dex+2}
 15855 | D:11     | Reached **** piety under Sif Muna
 15859 | D:11     | Reached skill level 1 in Shields
 16029 | D:11     | Noticed a two-headed ogre
 16208 | D:11     | Reached skill level 5 in Invocations
 16542 | D:11     | Noticed a boulder beetle
 16990 | D:12     | Noticed a cyclops
 17000 | D:12     | Killed a cyclops
 17065 | D:12     | Noticed a five-headed hydra
 17075 | D:12     | Killed a five-headed hydra
 17076 | D:12     | Reached XP level 12. HP: 70/70 MP: 7/25
 17295 | D:12     | Noticed a two-headed ogre
 17298 | D:12     | Killed a two-headed ogre
 17545 | D:12     | Reached skill level 10 in Fire Magic
 17629 | D:12     | Reached skill level 10 in Spellcasting
 18513 | D:11     | Killed a two-headed ogre
 18752 | D:11     | Found a staircase to the Lair.
 19356 | Lair:1   | Entered Level 1 of the Lair of Beasts
 19724 | Lair:1   | Reached skill level 10 in Conjurations
 19909 | Lair:1   | Reached skill level 5 in Translocations
 20694 | Lair:2   | Reached XP level 13. HP: 62/75 MP: 8/27
 20873 | Lair:2   | Reached ***** piety under Sif Muna
 20873 | Lair:2   | Identified Sif Muna's Grimoire of Conjuration (Sif Muna
                  | gifted it to you on level 2 of the Lair of Beasts)
 20873 | Lair:2   | Received a gift from Sif Muna
 20881 | Lair:2   | Learned a level 5 spell: Bolt of Magma
 21840 | Lair:2   | Found a hole to the Spider Nest.
 22531 | Lair:3   | Noticed Sonja
 22536 | Lair:3   | Killed Sonja
 22547 | Lair:3   | Reached skill level 1 in Earth Magic
 22974 | Lair:3   | Found a staircase to the Shoals.
 23913 | Lair:4   | Learned a level 3 spell: Summon Guardian Golem
 24117 | Lair:4   | Reached skill level 5 in Shields
 24126 | Lair:4   | Reached skill level 1 in Summonings
 24466 | Lair:4   | Found a blossoming altar of Fedhas.
 25553 | Lair:5   | Found the +8 autumn katana {vorpal, Clar}
 26078 | Lair:5   | Reached XP level 14. HP: 63/81 MP: 8/29
 26890 | Lair:6   | Entered Level 6 of the Lair of Beasts
 27771 | Lair:6   | Identified Sif Muna's Disquisition on Ashen Attacks (Sif
                  | Muna gifted it to you on level 6 of the Lair of Beasts)
 27771 | Lair:6   | Received a gift from Sif Muna
 28190 | Lair:6   | Noticed Kirke
 28200 | Lair:6   | HP: 1/83 [lindwurm[Kirke] (6)]
 28213 | Lair:6   | Killed Kirke
 29090 | Lair:6   | Paralysed by a spriggan for 6 turns
 30306 | Lair:6   | Found a staircase to the Slime Pits.
 30911 | Orc:1    | Entered Level 1 of the Orcish Mines
 30983 | Orc:1    | Found Atuadgh's Book Shop.
 31212 | Orc:1    | Bought Sif Muna's Grimoire of Intoxication and Enchantment
                  | for 570 gold pieces
 31212 | Orc:1    | Bought a book of Air for 420 gold pieces
 31332 | Orc:1    | Learned a level 3 spell: Mephitic Cloud
 31336 | Orc:1    | Learned a level 3 spell: Ignite Poison
 31642 | Orc:2    | Entered Level 2 of the Orcish Mines
 31872 | Orc:1    | Identified Sif Muna's Guide on Shifting Feathers (Sif Muna
                  | gifted it to you on level 1 of the Orcish Mines)
 31872 | Orc:1    | Received a gift from Sif Muna
 31904 | Orc:1    | Reached XP level 15. HP: 81/88 MP: 3/31
 32335 | Orc:2    | Found a staircase to the Elven Halls.
 33125 | Orc:2    | Found an ancient bone altar of Kikubaaqudgha.
 33135 | Orc:2    | Noticed Nergalle
 33159 | Orc:2    | Killed Nergalle
 33295 | Orc:2    | Found Wyatibiv's Antique Weapon Emporium.
 33323 | Orc:2    | Noticed Erolcha
 33329 | Orc:2    | Killed Erolcha
 33522 | Orc:2    | Found a radiant altar of Vehumet.
 33532 | Orc:2    | Bought a smoking halberd for 279 gold pieces
 33532 | Orc:2    | Identified the +5 halberd of Generosity {venom, rC+ SInv}
                  | (You bought it in a shop on level 2 of the Orcish Mines)
 33582 | Orc:2    | Found Xoilifum's Jewellery Emporium.
 33626 | Orc:2    | Found Gaohaup's Distillery.
 33626 | Orc:2    | Found Usmor's Antique Armour Emporium.
 33626 | Orc:2    | Paralysed by an orc sorcerer for 4 turns
 33641 | Orc:2    | Bought a potion of heal wounds for 75 gold pieces
 33838 | Orc:2    | Bought a ring of poison resistance for 300 gold pieces
 33838 | Orc:2    | Bought a ring of fire for 375 gold pieces
 34100 | Orc:1    | Learned a level 4 spell: Airstrike
 34326 | D:13     | Reached skill level 1 in Air Magic
 34598 | D:13     | Found a runed translucent door.
 34598 | D:13     | Found a shimmering altar of Xom.
 34598 | D:13     | Noticed Johnny's ghost (journeyman DEEE)
 34650 | D:13     | Found a gate leading to a gauntlet.
 34658 | Gauntlet | Entered a Gauntlet
 34658 | Gauntlet | Found a transporter.
 34658 | Gauntlet | Found a transporter.
 34658 | Gauntlet | Found a transporter.
 34711 | Gauntlet | Found a transporter.
 34715 | Gauntlet | Found a transporter.
 34716 | Gauntlet | Found a transporter.
 34724 | Gauntlet | Found a transporter.
 34725 | Gauntlet | Found a transporter.
 34726 | Gauntlet | Found a transporter.
 34728 | Gauntlet | Found a transporter.
 34734 | Gauntlet | Found a transporter.
 34734 | Gauntlet | Found a transporter.
 34814 | Gauntlet | Found a runed translucent door.
 35110 | Gauntlet | Reached skill level 5 in Dodging
 36256 | Gauntlet | Identified the Disquisition on Air and Orientation
 36264 | Gauntlet | Identified the Reference Book on the Traveller
 36973 | D:13     | Reached skill level 5 in Summonings
 37651 | D:14     | Found a runed translucent gate.
 37651 | D:14     | Found a runed translucent gate.
 37779 | D:14     | Noticed Neilug's ghost (journeyman VSBe)
 37839 | D:14     | Learned a level 5 spell: Freezing Cloud
 38261 | D:14     | Identified the +7 ring mail of the End {Slay+2}
 38285 | D:14     | Found a runed translucent gate.
 38369 | D:14     | Reached skill level 1 in Ice Magic
 38750 | D:14     | Found a gate to the Vaults.
 39150 | D:14     | Killed Neilug's ghost
 39327 | D:14     | Identified the ring "Gikku" {Fire Str+7}
 39399 | D:14     | Gained mutation: You are partially covered in iridescent
                  | scales. (AC +2) [potion of mutation]
 39485 | D:15     | Entered Level 15 of the Dungeon
 39573 | D:15     | Reached XP level 16. HP: 93/93 MP: 22/33
 39661 | D:15     | Found a burning altar of Makhleb.
 40170 | D:15     | Found a staircase to the Depths.
 40895 | Spider:1 | Entered Level 1 of the Spider Nest
 41227 | Shoals:1 | Entered Level 1 of the Shoals
 41253 | Shoals:1 | Found a runed translucent gate.
 41449 | Shoals:1 | Reached skill level 5 in Air Magic
 41857 | Shoals:1 | Found a runed translucent gate.
 41858 | Shoals:1 | Found a runed translucent gate.
 42307 | Shoals:1 | HP: 3/93 [frost giant (5)]
 43968 | Shoals:2 | Identified Roxanne's Guide on Stones
 43968 | Shoals:2 | Noticed Roxanne
 43989 | Shoals:2 | Slain by a sea snake

Illustrated notes

Levels and vault maps discovered:
D:1:      minmay_arrival_plants_in_alcoves, layout_basic
D:2:      layout_basic
D:3:      layout_loops_cross, general_overflow_altar,
          kennysheep_generic_room_15, uniq_ijyb
D:4:      layout_cave_pods, amcnicky_mini_corridor_feature,
          serial_bayou_crossing
D:5:      layout_loops_ring, amcnicky_altar_gilded, lemuel_doored_altar,
          elyvilon_altar_5, nicolae_ru_path_of_blood,
          minmay_temple_entry_enclosed_plants
D:6:      cheibrodos_steamvent, layout_loops_ring, lemuel_tele_altar,
          uniq_menkaure
D:7:      layout_cave_pools, marbit_many_paths, chequers_serial_rivers_room_b,
          uniq_harold
D:8:      layout_loops_ring, ebering_ghost_gozag, uniq_maurice, uniq_gastronok
D:9:      layout_long_grid, overflow_temple_1_default, lemuel_crystal_altar,
          enter_bailey_5, minivault_16, doesnt_shop_hydraphobe, uniq_pikel
D:10:     layout_cave_pods, vehumet_altar_wand_db,
          nicolae_qazlal_general_emergency, orc_0_dummy,
          nicolae_transmutations_shop, minmay_nine_imps
D:11:     layout_layer_cave, lair_entry_dummy
D:12:     layout_basic, bh_circular_ruins
D:13:     layout_stronghold, gauntlet_entry_generic, ebering_ghost_xom
D:14:     layout_rooms, david_vaults_5, small_statue_intersection,
          gammafunk_ghost_icy, beargit_elvish_explorers
D:15:     grunt_enter_depths_snipers, layout_irregular_city, bloody_makhleb
Temple:   minmay_temple_curvy_loop
Lair:1:   layout_roguey
Lair:2:   layout_long_grid, spider_nest_entry_web_field
Lair:3:   layout_cellular_growth, minmay_shoals_entry_hut,
          chequers_serial_rivers_micro_e, lemuel_fruit_tree, uniq_sonja
Lair:4:   layout_gridlike, tgw_fedhas
Lair:5:   layout_hall_layers, lemuel_fruit_fields
Lair:6:   minmay_lair_end_enchanted_forest, layout_small_grid,
          dpeg_slime_entry_corner, serial_bayou_shore_b, uniq_kirke
Shoals:1: layout_shoals, nicolae_shoals_beach_cooler
Shoals:2: layout_shoals, gammafunk_ghost_arena, uniq_roxanne
Spider:1: layout_chambers
Orc:1:    layout_diamond_mine, serial_shops, shop
Orc:2:    kennysheep_orc_mage_school, layout_caves, mines3_lemuel

Skill      XL: |  1  2  3  4  5  6  7  8  9 10 11 12 13 14 15 16 |
---------------+-------------------------------------------------+-----
Fire Magic     | 4 5 6 8 9 10 11 12 13 | 13.4
Spellcasting   | 3 4 6 7 8 9 10 11 12 13 | 13.6
Conjurations   | 2 3 4 5 7 8 9 10 11 12 13 | 13.3
Stealth        | 3 4 5 6 |  6.5
Fighting       | 1 2 3 |  3.2
Invocations    | 3 4 5 6 |  6.6
Dodging        | 3 4 5 |  5.2
Hexes          | 2 3 |  3.0
Evocations     | 2 |  2.6
Translocations | 1 3 5 |  5.7
Staves         | 1 2 4 |  4.4
Shields        | 2 3 5 6 7 |  7.3
Earth Magic    | 2 4 |  4.3
Summonings     | 2 3 5 |  5.3
Air Magic      | 3 5 |  5.5
Ice Magic      | 2 4 |  4.6
Short Blades   | |  0.3
Poison Magic   | |  0.7

Action                   |  1- 3 |  4- 6 |  7- 9 | 10-12 | 13-15 | 16-18 || total
-------------------------+-------+-------+-------+-------+-------+-------++-------
Melee: Unarmed           |    11 |       |       |       |       |       ||    11
       Constrict         |     3 |     4 |     9 |    11 |    31 |       ||    58
       Tentacles         |     1 |     1 |     4 |    12 |    45 |     4 ||    67
       Short sword       |     1 |       |     1 |       |       |       ||     2
       Staff             |       |    20 |    33 |    53 |   164 |    11 ||   281
       Dagger            |       |       |       |     2 |       |       ||     2
Throw: Dart              |       |     1 |       |       |       |       ||     1
 Cast: Foxfire           |    61 |   113 |   183 |   287 |   250 |    30 ||   924
       Conjure Flame     |       |     2 |     5 |    13 |     1 |       ||    21
       Sticky Flame      |       |       |    21 |    23 |    87 |    10 ||   141
       Fireball          |       |       |     1 |   108 |   240 |   106 ||   455
       Inner Flame       |       |       |       |     3 |       |       ||     3
       Fulminant Prism   |       |       |       |     4 |       |       ||     4
       Searing Ray       |       |       |       |     3 |       |       ||     3
       Apportation       |       |       |       |     1 |       |       ||     1
       Iskenderun's Myst |       |       |       |     2 |    14 |    10 ||    26
       Bolt of Magma     |       |       |       |       |     3 |       ||     3
       Summon Guardian G |       |       |       |       |    11 |     2 ||    13
       Airstrike         |       |       |       |       |     3 |     2 ||     5
       Mephitic Cloud    |       |       |       |       |     2 |     1 ||     3
       Ignite Poison     |       |       |       |       |     2 |       ||     2
       Freezing Cloud    |       |       |       |       |     1 |     4 ||     5
Invok: Channel Magic     |       |       |       |     4 |     5 |     5 ||    14
       Forget Spell      |       |       |       |       |     3 |       ||     3
Evoke: Wand              |       |     1 |     3 |     6 |     7 |     1 ||    18
       Lightning rod     |       |       |       |       |       |     4 ||     4
  Use: Scroll            |     1 |     2 |    11 |     4 |    13 |     2 ||    33
       Potion            |       |     4 |     3 |     3 |    11 |     2 ||    23
 Stab: Sleeping          |     1 |       |       |     3 |       |       ||     4
       Paralysed         |       |     6 |     1 |       |       |       ||     7
       Confused          |       |       |       |       |     1 |       ||     1
Armor: Skin              |       |       |     6 |    11 |    21 |     6 ||    44
Dodge: Dodged            |    17 |    19 |   111 |   156 |   231 |    43 ||   577
Block: Other             |       |       |       |    33 |       |       ||    33
       Reflection        |       |       |       |     3 |     7 |    16 ||    26
       Buckler           |       |       |       |    12 |   190 |    50 ||   252

Table legend: (Time is in decaauts)
 A = Elapsed time spent in this place.
 B = Non-inter-level travel time spent in this place.
 C = Inter-level travel time spent in this place.
 D = Time resting spent in this place.
 E = Time spent auto-exploring this place.
 F = Levels seen in this place.
 G = Mean time per level.
                   A        B        C        D        E       F      G
               +--------+--------+--------+--------+--------+-----+--------+
         Total |  44030 |  42888 |   1142 |  10678 |  21205 |  29 | 1518.3 |
       Dungeon |  22818 |  22150 |    668 |   4785 |  11583 |  15 | 1521.2 |
        Temple |    117 |     74 |     43 |      0 |     59 |   1 |  117.0 |
          Lair |  12420 |  12063 |    357 |   3033 |   6826 |   6 | 2070.0 |
        Shoals |   2200 |   2187 |     13 |    976 |    646 |   2 | 1100.0 |
   Spider Nest |     20 |     20 |      0 |      0 |      0 |   1 |   20.0 |
  Orcish Mines |   3131 |   3073 |     58 |    460 |   1647 |   2 | 1565.5 |
        Bailey |   1688 |   1688 |      0 |    478 |    312 |   1 | 1688.0 |
      Gauntlet |   1633 |   1633 |      0 |    945 |    132 |   1 | 1633.0 |
               +--------+--------+--------+--------+--------+-----+--------+

Top non-repeatable levels by time:
  Lair:6: 3726 daAuts
     D:6: 2394 daAuts
  Lair:4: 2161 daAuts
  Lair:3: 2120 daAuts
   Orc:2: 2084 daAuts
    D:14: 2022 daAuts
     D:4: 1839 daAuts
    D:11: 1761 daAuts
  Bailey: 1688 daAuts
Shoals:1: 1669 daAuts
Gauntlet: 1633 daAuts
    D:12: 1632 daAuts
  Lair:2: 1620 daAuts
     D:5: 1619 daAuts
    D:13: 1584 daAuts
